 Dungeon Sprint DCSS version 0.21.0-24-g2553a33 (webtiles) character file.

162 letownia2 the Ruffian (level 5, -5/48 HPs)
             Began as a Troll Wizard on Jan 20, 2018.
             Killed from afar by a deep elf mage (44 damage)
             ... with a shard of ice
             ... in the Dungeon (Sprint III: "The Ten Rune Challenge").
             The game lasted 00:01:06 (164 turns).

letownia2 the Ruffian (Troll Wizard)                 Turns: 164, Time: 00:01:06

Health: -5/48      AC:  5    Str: 15    XL:     5   Next: 19%
Magic:  1/9        EV:  9    Int: 15    God:
Gold:   22         SH:  0    Dex:  8    Spells: 1/10 levels left

rFire    . . .     SeeInvis .     - Unarmed
rCold    . . .     Gourm    +   (no shield)
rNeg     . . .     Faith    .   a - +0 robe
rPois    .         Spirit   .   b - +0 hat
rElec    .         Reflect  .   (no cloak)
rCorr    .         Harm     .   (gloves unavailable)
MR       .....     NoTele   +   (boots unavailable)
Stlth    +.........             (no amulet)
HPRegen  0.56/turn              (no ring)
MPRegen  0.11/turn              (no ring)

@: very slightly contaminated
A: large, unfitting armour, claws 3, fast metabolism 3, gourmand, regeneration
1, shaggy fur 1, tough skin 2
a: no special abilities


You were in the Dungeon.
You were not hungry.

You visited 1 branch You collected 22 gold pieces.

Inventory:

Armour
 a - a +0 robe (worn)
 b - a +0 hat (worn)
Scrolls
 j - a scroll of blinking
 k - a scroll of holy word {unknown}
 l - 2 scrolls of identify {unknown}
 m - 2 scrolls of remove curse {unknown}
 n - a scroll of immolation {unknown}
Potions
 e - 2 potions of curing
 f - a potion of heal wounds
 g - a potion of haste
 h - 2 potions of magic
 i - a potion of berserk rage
 o - a potion of resistance {unknown}
 p - 6 potions of mutation
Books
 c - a book of Minor Magic

   Spells                             Type                      Level
   a - Magic Dart                     Conjuration                  1
   b - Blink                          Translocation                2
   c - Call Imp                       Summoning                    2
   d - Slow                           Hexes                        2
   e - Conjure Flame                  Conjuration/Fire             3
   f - Mephitic Cloud                 Conjuration/Poison/Air       3
Comestibles
 d - 4 rations


   Skills:
 - Level 1.2 Fighting
 - Level 1.5 Dodging
 - Level 1.0 Stealth
 + Level 7.8 Unarmed Combat
 - Level 3.4 Spellcasting
 + Level 1.6 Conjurations
   Level 0.6 Summonings
 + Level 1.6 Translocations
 + Level 1.5 Fire Magic
 + Level 1.1 Air Magic
 + Level 1.2 Poison Magic


You had one spell level left.
You knew the following spells:

 Your Spells              Type           Power        Failure   Level  Hunger
a - Magic Dart            Conj           #...         10%         1    None
b - Blink                 Tloc           N/A          16%         2    ##.....
c - Conjure Flame         Conj/Fire      #.......     30%         3    ###....
e - Mephitic Cloud        Conj/Pois/Air  #.......     32%         3    ###....


Dungeon Overview and Level Annotations

Branches:
Dungeon (1/1)

Altars:
Elyvilon
Zin
The Shining One


Innate Abilities, Weirdness & Mutations

You are too large for most types of armour.
You have claws for hands.
Your metabolism is lightning-fast.
You like to eat raw meat.
Your natural rate of healing is unusually fast.
You are covered in fur. (AC +1)
You have very tough skin. (AC +2)


Message History

Unknown command.
The deep elf mage casts a spell at you. The shard of ice misses you.
You closely miss the deep elf mage. You claw the deep elf mage!
The deep elf mage is moderately wounded.
The deep elf mage hits you with a long sword of holy wrath.
You barely miss the deep elf mage.
The deep elf mage is moderately wounded.
The deep elf mage hits you but does no damage.
You claw the deep elf mage!
The deep elf mage is severely wounded.
The deep elf mage gestures at you while chanting.
The bolt of cold hits you!
You closely miss the deep elf mage. Your claw misses the deep elf mage.
The deep elf mage is severely wounded.
The deep elf mage casts a spell at you. The shard of ice hits you!
Ouch! That really hurt!
You die...

▓▓▓▓▓ ▓▓▓ #...####
##.#####
#......#####..#___#
#.......#..#..#.§.#
##.##...#..#..###'#+###+
##.###..##'#..#.@........
###.##..###...'.⌠e.......
#..##..####...#...######+
...##[.###....#.⌠.#
..##...##.....#...#
.##....#......#+###
###..##.#.....# #
#..#####....# ▓ ▓▓▓▓
▓▓▓▓▓▓


You could see a deep elf mage.

Vanquished Creatures
  A water elemental (D)
  A scorpion (D)
  Jessica (D)
  A human (D)
  2 oozes (D)
  A rat (D)
7 creatures vanquished.

Vanquished Creatures (others)
  4 hellions (D)
  A yaktaur (D)
5 creatures vanquished.

Grand Total: 12 creatures vanquished

Notes
Turn   | Place    | Note
-------+----------+-------------------------------------------
     0 | D        | letownia2 the Troll Wizard began the quest for the Orb.
     0 | D        | Reached XP level 1. HP: 16/16 MP: 2/2
    14 | D        | Reached skill level 1 in Fighting
    14 | D        | Reached skill level 2 in Unarmed Combat
    18 | D        | Reached skill level 3 in Unarmed Combat
    18 | D        | Reached XP level 2. HP: 23/27 MP: 4/4
    53 | D        | Noticed Jessica
    58 | D        | Killed Jessica
    58 | D        | Reached skill level 5 in Unarmed Combat
    58 | D        | Reached XP level 3. HP: 26/33 MP: 5/5
    63 | D        | Learned a level 3 spell: Mephitic Cloud
    90 | D        | Reached skill level 6 in Unarmed Combat
    98 | D        | Killed a hellion
   109 | D        | Noticed a scorpion
   118 | D        | Killed a scorpion
   118 | D        | Reached skill level 7 in Unarmed Combat
   118 | D        | Reached XP level 4. HP: 41/41 MP: 2/8
   123 | D        | Learned a level 3 spell: Conjure Flame
   126 | D        | Learned a level 2 spell: Blink
   130 | D        | Noticed a water elemental
   132 | D        | Killed a water elemental
   132 | D        | Reached skill level 1 in Conjurations
   132 | D        | Reached skill level 1 in Translocations
   132 | D        | Reached skill level 1 in Fire Magic
   132 | D        | Reached skill level 1 in Air Magic
   132 | D        | Reached skill level 1 in Poison Magic
   132 | D        | Reached XP level 5. HP: 48/48 MP: 1/9
   146 | D        | Killed a hellion
   147 | D        | Killed a hellion
   148 | D        | Killed a hellion
   148 | D        | Killed a yaktaur
   156 | D        | Found a glowing silver altar of Zin.
   157 | D        | Found a glowing golden altar of the Shining One.
   157 | D        | Found a white marble altar of Elyvilon.
   157 | D        | Noticed a deep elf mage
   164 | D        | Killed from afar by a deep elf mage

Skill      XL: |  1  2  3  4 |
---------------+-------------+-----
Fighting       | 1 |  1.2
Unarmed Combat | 3 5 7 |  7.8
Spellcasting   | 3 |  3.4
Conjurations   | 1 |  1.6
Translocations | 1 |  1.6
Fire Magic     | 1 |  1.5
Air Magic      | 1 |  1.1
Poison Magic   | 1 |  1.2
Dodging        | |  1.5
Stealth        | |  1.0
Summonings     | |  0.6

Action                   |  1- 3 |  4- 6 || total
-------------------------+-------+-------++-------
Melee: Unarmed           |    39 |     6 ||    45
       Punch             |     1 |       ||     1
 Cast: Mephitic Cloud    |     1 |       ||     1
       Conjure Flame     |       |     1 ||     1
 Stab: Sleeping          |     1 |       ||     1
  Eat: Chunk             |     1 |       ||     1
Armor: Robe              |     7 |     1 ||     8
Dodge: Dodged            |    13 |     1 ||    14
